 Dungeon Crawl Stone Soup version 0.27-a0-1228-gfd60fd639a (webtiles) character file.

Game seed: 8256403391218111557

54 pokeman the Magician (level 3, -3/20 HPs)
             Began as a Deep Elf Hedge Wizard on June 7, 2021.
             Killed from afar by Natasha (6 damage)
             ... with a magic dart
             ... on level 2 of the Dungeon.
             The game lasted 00:02:24 (1918 turns).

pokeman the Magician (Deep Elf Hedge Wizard)        Turns: 1918, Time: 00:02:24

Health: -3/20      AC:  4    Str:  7    XL:     3   Next: 66%
Magic:  0/11       EV: 11    Int: 19    God:
Gold:   99         SH:  0    Dex: 14    Spells: 1/12 levels left

rFire    . . .     SeeInvis .   d - +0 hand axe (elec)
rCold    . . .     Faith    .   (no shield)
rNeg     . . .     Spirit   .   e - +0 leather armour
rPois    .         Reflect  .   c - +0 hat
rElec    .         Harm     .   (no cloak)
rCorr    .         Rampage  .   b - +0 pair of gloves
Will     .....                  (no boots)
Stlth    ++........             (no amulet)
HPRegen  0.06/turn              (no ring)
MPRegen  0.12/turn              (no ring)

@: very slightly contaminated
A: no striking features
a: no special abilities


You were on level 2 of the Dungeon.
You visited 1 branch of the dungeon, and saw 3 of its levels.

You collected 99 gold pieces.

Inventory:

Hand Weapons
 d - a +0 hand axe of electrocution (weapon)
Missiles
 f - 20 arrows
Armour
 b - a +0 pair of gloves (worn)
 c - a +0 hat (worn)
 e - a +0 leather armour (worn)
Jewellery
 a - a ring of fire
Scrolls
 g - a scroll of identify {unknown}
 i - a scroll of blinking {unknown}
Potions
 h - a potion of brilliance {unknown}
 j - a potion of might {unknown}


   Skills:
 - Level 1.0 Fighting
 - Level 1.0 Armour
 + Level 2.4 Dodging
 - Level 2.4 Stealth
 * Level 5.3 Spellcasting
 + Level 1.9 Conjurations
 - Level 1.1 Summonings
 - Level 1.1 Translocations
 + Level 0.0 Fire Magic


You had one spell level left.
You knew the following spells:

 Your Spells              Type           Power      Damage    Failure   Level
a - Magic Dart            Conj           48%        1d5       8%          1
b - Mephitic Cloud        Conj/Pois/Air  7%         N/A       38%         3
c - Call Imp              Summ           9%         N/A       17%         2
d - Blink                 Tloc           N/A        N/A       17%         2
e - Conjure Flame         Conj/Fire      8%         6-21      34%         3

Your spell library contained the following spells:

 Spells                   Type           Power      Damage    Failure   Level
 Slow                     Hex            5%         N/A       26%         2


Dungeon Overview and Level Annotations

Branches:
Dungeon (3/15)

Altars:

Annotations:
D:2 Natasha


Message History

Aiming: Magic Dart (safe; 8% risk of failure)
Press: ? - help, Shift-Dir - straight line, f/p - bat
Aim: a bat (severely wounded, 100% to hit)
The magic dart hits the bat.
You kill the bat!
Your magical contamination has completely faded away.
A rat comes into view.
Casting: Magic Dart (safe; 8% risk of failure)
Confirm with . or Enter, or press ? or * to list all spells.
Aiming: Magic Dart (safe; 8% risk of failure)
Press: ? - help, Shift-Dir - straight line, f - rat
Aim: a rat (wandering, hasn't noticed you, 100% to hit)
The magic dart hits the rat.
The rat is heavily wounded.
Casting: Magic Dart (safe; 8% risk of failure)
Confirm with . or Enter, or press ? or * to list all spells.
Aiming: Magic Dart (safe; 8% risk of failure)
Press: ? - help, Shift-Dir - straight line, f/p - rat
Aim: a rat (heavily wounded, 100% to hit)
The magic dart hits the rat.
You kill the rat!
Natasha, Servant of Life and Death comes into view.
She is carrying a wand of flame (24).
Natasha hisses angrily.
Natasha stares at you and mumbles some strange words.
The magic dart hits you.
Found a long jewelled staff.
Casting: Magic Dart (safe; 8% risk of failure)
Confirm with . or Enter, or press ? or * to list all spells.
The spell is potentially lethal to cast (38% risk of failure)!
Continue anyway?
Aiming: Mephitic Cloud (potentially lethal; 38% risk of failure)
Press: ? - help, Shift-Dir - straight line, f - Natasha
Aim: Natasha, carrying a wand of flame (24) (chance to affect: 86%)
You miscast Mephitic Cloud.
You are very lightly contaminated with residual magic.
You feel a sudden electric shock!
Ouch! That really hurt!
* * * LOW HITPOINT WARNING * * *
Natasha stares at you and mumbles some strange words.
The magic dart hits you.
You die...

#.........# #.......
#.........# #.......
#.........###.....†.
#####...................
#......###+#......(.....
#......# #.#............
#......# #.............#
#......####............#
#...h..@....>..........#
........######..........#
...†..... #..........#
.........# #..........#
..###+#..# #..........# .
#..# ##..######## #.|# .#
# #..# #


You could see Natasha.

Vanquished Creatures
  2 adders (D:2)
  A worm (D:2)
  2 dart slugs (D:2)
  An orc (D:3)
  An endoplasm (D:2)
  A goblin (D:1)
  A hobgoblin (D:1)
  A jackal (D:2)
  2 kobolds
  2 quokkas
  5 ball pythons
  3 bats
  3 frilled lizards
  6 rats
31 creatures vanquished.

Notes
Turn   | Place    | Note
-------+----------+-------------------------------------------
     0 | D:1      | pokeman the Deep Elf Hedge Wizard began the quest for the
                  | Orb.
     0 | D:1      | Reached XP level 1. HP: 10/10 MP: 7/7
   310 | D:1      | Reached XP level 2. HP: 16/16 MP: 6/9
   914 | D:2      | You fall into a shaft and drop 1 floor!
  1097 | D:2      | Reached skill level 5 in Spellcasting
  1225 | D:2      | Reached XP level 3. HP: 15/20 MP: 6/11
  1231 | D:2      | Learned a level 3 spell: Mephitic Cloud
  1234 | D:2      | Learned a level 2 spell: Call Imp
  1237 | D:2      | Learned a level 2 spell: Blink
  1241 | D:2      | Learned a level 3 spell: Conjure Flame
  1585 | D:2      | Found a faded altar of an unknown god.
  1889 | D:2      | Reached skill level 1 in Fighting
  1889 | D:2      | Reached skill level 1 in Armour
  1914 | D:2      | Noticed Natasha
  1918 | D:2      | Killed from afar by Natasha

Illustrated notes

Levels and vault maps discovered:
D:1:      amcnicky_arrival_double_pillar, layout_basic
D:2:      layout_basic, ebering_ecumenical_altar_sacrificial, uniq_natasha
D:3:      layout_basic, uniq_ijyb

Skill      XL: |  1  2  3 |
---------------+----------+-----
Spellcasting   | 5 |  5.3
Fighting       | 1 |  1.0
Armour         | 1 |  1.0
Dodging        | |  2.4
Stealth        | |  2.4
Conjurations   | |  1.9
Summonings     | |  1.1
Translocations | |  1.1

Action                   || total
-------------------------++-------
Melee: Hand axe          ||    10
 Cast: Magic Dart        ||    75
 Stab: Sleeping          ||     1
Armor: Robe              ||     2
       Leather armour    ||     4
Dodge: Dodged            ||     7

Table legend: (Time is in decaauts)
 A = Elapsed time spent in this place.
 B = Non-inter-level travel time spent in this place.
 C = Inter-level travel time spent in this place.
 D = Time resting spent in this place.
 E = Time spent auto-exploring this place.
 F = Levels seen in this place.
 G = Mean time per level.
                   A        B        C        D        E       F      G
               +--------+--------+--------+--------+--------+-----+--------+
         Total |   1920 |   1905 |     15 |      0 |   1702 |   3 |  640.0 |
       Dungeon |   1920 |   1905 |     15 |      0 |   1702 |   3 |  640.0 |
               +--------+--------+--------+--------+--------+-----+--------+

Top non-repeatable levels by time:
     D:1: 900 daAuts
     D:2: 886 daAuts
     D:3: 134 daAuts
